AoeStats
← JosPros7601

Four Lakes

509734734Analyzed
1v1 RM · 3d ago on Sep 27, 2026· 40m 36s· 2 players
Game mode
Random Map
Map size
Tiny (2 player)
Population
200
Speed
Normal
Resources
Standard
Victory
Conquest
Starting age
Dark Age
Ending age
Imperial Age
RankedLock teamsTeams togetherTeam positionsShared explorationLock speedFull tech treeHidden civsTurbo modeCheats
Victory
Defeat
🇦🇷 Franks · Argentina
868
+18
🇦🇷 Italians · Argentina
907
-18
JosPros7601
8:27 Loom
11:51 Feudal Age
12:28 Town Watch
12:30 Double-Bit Axe
13:09 Fishing Lines
15:48 Wheelbarrow
18:49 Castle Age
19:13 Forging
18:59 Stone Mining
19:01 Gold Mining
20:17 Husbandry
20:57 Hand Cart
21:32 Gillnets
24:29 Scale Barding Armor
27:36 Gold Shaft Mining
32:37 Imperial Age
30:14 Fletching
31:44 Bow Saw
32:31 Stone Mining
33:07 Bodkin Arrow
36:15 Chemistry
34:49 Cavalier
37:23 Conscription
37:16 Heavy Scorpion
39:48 Iron Casting
39:33 Chain Barding Armor
38:43 Paladin
gabymarco09
7:04 Loom
11:00 Feudal Age
16:05 Castle Age
15:07 Double-Bit Axe
16:48 Fletching
18:24 Gold Mining
20:57 Padded Archer Armor
20:52 Bodkin Arrow
20:57 Stone Mining
21:20 Bow Saw
22:54 Leather Archer Armor
25:41 Stone Shaft Mining
27:51 Scale Barding Armor
28:20 Bloodlines
31:26 Imperial Age
29:45 Forging
29:42 Light Cavalry
31:30 Ballistics
33:21 Wheelbarrow
36:06 Chain Barding Armor
37:13 Hussar
Connection lost

Rejoining the realm…

Still unreachable

The connection could not be restored.

Session expired

The server has moved on; the page needs a fresh start.